 Seeded DCSS version 0.31-a0-845-g9abc20d24f (webtiles) character file.

Game seed: 15265241679069849840 (custom seed)

11823 qw the Skirmisher (level 11, -12/72 HPs)
             Began as a Gargoyle Hunter on Oct 1, 2023.
             Was an Elder of Okawaru.
             Mangled by an ettin
             ... wielding a +0 dire flail
              (14 damage)
             ... on level 11 of the Dungeon.
             The game lasted 00:05:58 (10758 turns).

qw the Skirmisher (Gargoyle Hunter)                Turns: 10758, Time: 00:05:59

Health: -12/72     AC: 20    Str: 16    XL:     11   Next: 83%
Magic:  14/15      EV: 17    Int: 12    God:    Okawaru [****..]
Gold:   0          SH:  0    Dex: 17    Spells: 10/10 levels left

rFire   . . .        Y - +2 arbalest
rCold   . . .        (shield currently unavailable)
rNeg    + . .        f - +0 troll leather armour
rPois   inf          n - +2 helmet {Int+3}
rElec   +            b - +0 cloak
rCorr   .            (no gloves)
SInv    .            d - +2 pair of boots
Will    .....        (no amulet)
Stlth   +++          (no ring)
HPRegen 1.12/turn    (no ring)
MPRegen 0.14/turn

%: no passive effects
@: heroic
A: sickness immunity, AC +8, negative energy resistance 1, electricity
resistance, torment resistance 1, petrification resistance
a: Renounce Religion, Heroism, Finesse


You were on level 11 of the Dungeon.
You worshipped Okawaru.
Okawaru was greatly pleased with you.
You visited 2 branches of the dungeon, and saw 12 of its levels.

You collected 757 gold pieces.
You spent 757 gold pieces at shops.


Innate Abilities, Weirdness & Mutations

You are immune to sickness and miasma.
Your stone body is resilient. (AC +8)
You are immune to poison.
You resist negative energy. (rN+)
You are resistant to electric shocks. (rElec)
You are resistant to unholy torment.
You are immune to petrification.


   Skills:
 - Level 10.0(15.0) Fighting
 + Level 14.4(19.4) Ranged Weapons
 - Level 4.0(9.0) Armour
 - Level 4.0(9.0) Dodging
 - Level 1.1(6.1) Stealth
 + Level 6.1 Invocations


You had 10 spell levels left.
You didn't know any spells.
Your spell library was empty.

Inventory:

Hand Weapons
 Y - a +2 arbalest (weapon)
Armour
 b - a +0 cloak (worn)
 d - a +2 pair of boots (worn)
 f - a +0 troll leather armour (worn)
 n - a +2 helmet of intelligence (worn)
Scrolls
 e - 4 scrolls of identify
Potions
 c - a potion of might
 g - 3 potions of curing
 h - 4 potions of haste
 i - 2 potions of mutation
 j - a potion of magic
 m - 3 potions of resistance

Dungeon Overview and Level Annotations

Branches:
Dungeon (11/15)            Temple (1/1) D:7            Lair (0/5) D:11
    Orc: D:9-12

Altars:
Ashenzari
Cheibriados
Dithmenos
Elyvilon
Fedhas
Gozag
Hepliaklqana
Kikubaaqudgha
Makhleb
Nemelex Xobeh
Okawaru
Qazlal
Ru
Sif Muna
Trog
Uskayaw
Vehumet
Wu Jian
Xom
Yredelemnul
Zin
The Shining One

Shops:
D:2 (   D:3 *   D:4 ?   D:5 [!

Annotations:
D:1 1 transporter
D:5 1 runed translucent door, Crazy Yiuf
D:11 Maurice


Message History

Enter note:
10750 ||| RETREEAATING.
The ettin shouts in stereo!
The wolf closely misses you.
You see here a wolf corpse.
Enter note:
Enter note:
Enter note:
10751 ||| INVOKING Heroism.
You gain the combat prowess of a mighty hero.
The wolf bites you. The wolf closely misses you.
You shoot a bolt. The bolt hits the wolf.
The wolf is lightly wounded.
The wolf misses you.
You shoot a bolt. The bolt hits the wolf.
The wolf is lightly wounded.
The wolf barely misses you. The wolf completely misses you.
Something hits you but does no damage.
You shoot a bolt. The bolt hits the wolf!!
You kill the wolf!
Okawaru accepts your kill. Something hits you but does no damage.
You shoot a bolt. The bolt hits the ettin!!
The ettin is heavily wounded.
The ettin hits you with a +0 dire flail!!
The ettin hits you but does no damage. Something hits you but does no damage.
You shoot a bolt. The bolt hits the ettin!!
The ettin is severely wounded.
The ettin barely misses you. The ettin hits you but does no damage.
Something hits you but does no damage.
You shoot a bolt.
The bolt hits the ettin but does no damage.
The ettin is severely wounded.
The ettin closely misses you. The ettin completely misses you.
You hear some strange, mumbled words.
You shoot a bolt.
The bolt hits the ettin but does no damage.
The ettin is severely wounded.
The ettin hits you with a +0 dire flail! x2
You die...

#.. ..........# #...
#+#####.........# #...
#.....#.........#
#....#.....#....(....#
#....#.....'.........#
#....'.....'......|%.#
# #%....'...P.....###
#.%C..#...((....((.
#.@...#.........)..
##ยค#####.......#'''#
#..##..........#....
#.{##..........#....
#..##..........#....
#..'#..........#....
#..##..........#....
##'##..........#....
#<##..........#....


You could see an ettin.

Vanquished Creatures
  7 cyclopes (D:11)
  Joseph (D:7)
  A freezing wraith (D:9)
  A kobold demonologist (D:11)
  A rime drake (D:11)
  A komodo dragon (D:11)
  2 trolls (D:10)
  Prince Ribbit (D:5)
  A shadow (D:9)
  A yak (D:7)
  A wyvern (D:9)
  A vampire (D:11)
  3 wraiths
  A vampire mosquito (D:9)
  3 steam dragons
  Menkaure (D:7)
  2 wargs (D:11)
  5 water moccasins
  Edmund (D:6)
  An acid dragon (D:11)
  Duvessa (D:5)
  4 orc warriors
  4 sky beasts (D:7)
  5 ice beasts
  A black bear (D:8)
  5 wolves (D:11)
  An ogre (D:5)
  7 centaurs
  A phantom (D:5)
  A bullfrog (D:7)
  A kobold brigand (D:9)
  A gnoll sergeant (D:8)
  3 scorpions
  A wight (D:7)
  Dowan (D:5)
  3 killer bees (D:10)
  2 electric eels (D:10)
  2 howler monkeys (D:9)
  3 lava snakes (D:9)
  3 hounds
  3 orc priests
  A gnoll bouda (D:8)
  3 jellies
  4 sleepcaps
  Jessica (D:3)
  4 iguanas
  13 orc wizards
  Robin (D:3)
  12 gnolls
  12 adders
  A shadow imp (D:5)
  2 white imps (D:8)
  2 ufetubi
  3 worms
  5 dart slugs
  34 orcs
  6 bats (D:1)
  4 endoplasms
  2 giant cockroaches (D:4)
  17 goblins
  6 hobgoblins
  2 jackals (D:3)
  9 kobolds
  3 quokkas
  10 ball pythons
  5 frilled lizards
  7 rats
258 creatures vanquished.

Notes
Turn   | Place    | Note
-------+----------+-------------------------------------------
     0 | D:1      | qw the Gargoyle Hunter began the quest for the Orb.
     0 | D:1      | Reached XP level 1. HP: 12/12 MP: 1/1
     0 | D:1      | 0 ||| qw: Version: 0.3-a-100-g34eed78
     0 | D:1      | 0 ||| qw: Game counter: 55
     0 | D:1      | 0 ||| qw: Melee chars always use a shield: true
     0 | D:1      | 0 ||| qw: God list: Okawaru
     0 | D:1      | 0 ||| qw: Allow faded altars: false
     0 | D:1      | 0 ||| qw: Do Orc after clearing Dungeon:15 true
     0 | D:1      | 0 ||| qw: Do second Lair branch before Depths: true
     0 | D:1      | 0 ||| qw: Lair rune preference: random
     0 | D:1      | 0 ||| qw: Goals: Normal, Save, Zot:1-4, Win
     0 | D:1      | 0 ||| PLANNING D:1-11
    51 | D:1      | Reached XP level 2. HP: 17/17 MP: 2/2
   482 | D:1      | 482 ||| READING scroll labelled ZACRAFIONO.
   483 | D:1      | 483 ||| READING scroll labelled ZEGOPA XIUQO.
   484 | D:1      | 484 ||| READING scroll labelled BYZUIQ VIYNYIKH.
   489 | D:1      | 489 ||| DRINKING 2 murky silvery potions.
   490 | D:1      | 490 ||| DROPPING scroll of butterflies.
   528 | D:2      | Found Newkecoe's Weapon Emporium.
   548 | D:2      | Reached XP level 3. HP: 21/21 MP: 3/3
   583 | D:2      | Reached skill level 5 in Ranged Weapons
   588 | D:2      | Found a faded altar of an unknown god.
   811 | D:2      | 811 ||| UPGRADING to +0 pair of boots.
   816 | D:2      | 816 ||| UPGRADING to +0 ring mail.
   826 | D:2      | 826 ||| DROPPING +0 leather armour.
   827 | D:2      | 827 ||| READING scroll labelled ILATHR NIQ NAU.
   828 | D:2      | 828 ||| DRINKING 2 coppery potions.
   861 | D:3      | 861 ||| FLEEEEING.
   893 | D:3      | Noticed Robin
   901 | D:3      | Reached skill level 1 in Armour
   904 | D:3      | Killed Robin
   905 | D:3      | Reached skill level 3 in Fighting
   905 | D:3      | Reached XP level 4. HP: 22/28 MP: 4/4
   905 | D:3      | 905 ||| FLEEEEING.
   906 | D:3      | 906 ||| FLEEEEING.
   907 | D:3      | 907 ||| FLEEEEING.
   908 | D:3      | 908 ||| STAIRDANCE
   928 | D:2      | 928 ||| UPGRADING to +0 cloak.
  1085 | D:3      | Found Boxuokil's General Store.
  1093 | D:3      | 1093 ||| SHOPLISTING +5 robe of Night {Dark Will+ SInv}
                  | (720 gold, have 114).
  1093 | D:3      | 1093 ||| SHOPLISTING amulet of the Four Winds {rN+ Will+++
                  | Clar} (728 gold, have 114).
  1093 | D:3      | 1093 ||| SHOPLISTING ring of fire (300 gold, have 114).
  1093 | D:3      | 1093 ||| BUYING scroll of enchant armour (90 gold).
  1093 | D:3      | Bought a scroll of enchant armour for 90 gold pieces
  1093 | D:3      | 1093 ||| BUYING scroll of identify (24 gold).
  1093 | D:3      | Bought a scroll of identify for 24 gold pieces
  1093 | D:3      | 1093 ||| READING 2 scrolls of enchant armour.
  1093 | D:3      | 1093 ||| ENCHANTING +0 pair of boots.
  1094 | D:3      | 1094 ||| READING scroll of enchant armour.
  1094 | D:3      | 1094 ||| ENCHANTING +1 pair of boots.
  1158 | D:3      | Noticed Jessica
  1170 | D:3      | Killed Jessica
  1171 | D:3      | Reached XP level 5. HP: 32/32 MP: 5/5
  1213 | D:3      | Reached skill level 6 in Ranged Weapons
  1472 | D:3      | 1472 ||| UPGRADING to +0 helmet.
  1477 | D:3      | 1477 ||| READING scroll labelled ECOSOL ZYWONG.
  1478 | D:3      | 1478 ||| READING 2 scrolls of identify.
  1478 | D:3      | 1478 ||| IDENTIFYING emerald potion
  1479 | D:3      | 1479 ||| READING scroll of identify.
  1479 | D:3      | 1479 ||| IDENTIFYING bubbling emerald potion
  1480 | D:3      | 1480 ||| DROPPING potion of berserk rage.
  1481 | D:3      | 1481 ||| DROPPING potion of magic.
  1512 | D:4      | 1512 ||| PLANNING SEWER
  1558 | D:4      | 1558 ||| Stepping ~*~*~tactically~*~*~ (retreating).
  1559 | D:4      | 1559 ||| Stepping ~*~*~tactically~*~*~ (retreating).
  1573 | D:4      | Reached XP level 6. HP: 21/37 MP: 6/6
  1728 | D:4      | Found Keveg's Magic Scroll Shoppe.
  1735 | D:4      | 1735 ||| BUYING scroll of identify (24 gold).
  1735 | D:4      | Bought a scroll of identify for 24 gold pieces
  1735 | D:4      | 1735 ||| BUYING scroll of teleportation (36 gold).
  1735 | D:4      | Bought a scroll of teleportation for 36 gold pieces
  1993 | D:4      | Found a glowing drain.
  2127 | D:4      | Noticed an orc warrior
  2128 | D:4      | 2128 ||| Stepping ~*~*~tactically~*~*~ (retreating).
  2130 | D:4      | 2130 ||| Stepping ~*~*~tactically~*~*~ (retreating).
  2131 | D:4      | 2131 ||| Stepping ~*~*~tactically~*~*~ (retreating).
  2132 | D:4      | 2132 ||| Stepping ~*~*~tactically~*~*~ (retreating).
  2133 | D:4      | 2133 ||| Stepping ~*~*~tactically~*~*~ (retreating).
  2134 | D:4      | 2134 ||| Stepping ~*~*~tactically~*~*~ (retreating).
  2135 | D:4      | 2135 ||| Stepping ~*~*~tactically~*~*~ (retreating).
  2136 | D:4      | 2136 ||| Stepping ~*~*~tactically~*~*~ (retreating).
  2153 | D:4      | HP: 5/38 [orc warrior/+1 short sword of holy wrath (6)]
  2154 | D:4      | 2154 ||| READING 5 scrolls of teleportation.
  2155 | D:4      | 2155 ||| PLANNING SEWER
  2155 | D:4      | 2155 ||| DRINKING 2 amethyst potions.
  2201 | D:4      | 2201 ||| READING scroll labelled VAVA AROXIDI.
  2201 | D:4      | Identified a scroll of acquirement
  2201 | D:4      | 2201 ||| 2201 ||| Offered +5 kite shield "Goak" {rF+}
  2201 | D:4      | 2201 ||| 2201 ||| Offered manual of Throwing
  2201 | D:4      | 2201 ||| 2201 ||| Offered +1 sling of draining
  2201 | D:4      | 2201 ||| 2201 ||| Offered 879 gold pieces
  2201 | D:4      | 2201 ||| ACQUIRING 879 gold pieces
  2201 | D:4      | Acquired 879 gold pieces
  2203 | D:4      | 2203 ||| READING scroll labelled XUG ZOVUFA.
  2204 | D:4      | 2204 ||| READING scroll of identify.
  2204 | D:4      | 2204 ||| IDENTIFYING inky potion
  2205 | D:4      | 2205 ||| DROPPING potion of ambrosia.
  2220 | D:4      | 2220 ||| Stepping ~*~*~tactically~*~*~ (retreating).
  2223 | D:4      | 2223 ||| Stepping ~*~*~tactically~*~*~ (retreating).
  2231 | D:4      | Killed an orc warrior
  2232 | D:4      | Reached XP level 7. HP: 31/43 MP: 7/7
  2232 | D:4      | 2232 ||| FLEEEEING.
  2233 | D:4      | 2233 ||| FLEEEEING.
  2234 | D:4      | 2234 ||| FLEEEEING.
  2235 | D:4      | 2235 ||| FLEEEEING.
  2236 | D:4      | 2236 ||| STAIRDANCE
  2262 | D:3      | Reached skill level 7 in Ranged Weapons
  2360 | D:4      | 2360 ||| RIP SEWER
  2360 | D:4      | 2360 ||| PLANNING D:1-11
  2982 | D:5      | Entered Level 5 of the Dungeon
  3077 | D:5      | Reached skill level 8 in Ranged Weapons
  3415 | D:5      | Noticed Prince Ribbit
  3426 | D:5      | HP: 11/44 [Prince Ribbit (3)]
  3427 | D:5      | 3427 ||| READING 4 scrolls of teleportation.
  3428 | D:5      | 3428 ||| DRINKING potion of heal wounds.
  3649 | D:5      | Noticed Duvessa
  3654 | D:5      | 3654 ||| RETREEAATING.
  3655 | D:5      | 3655 ||| STILL RETREEAATING.
  3676 | D:5      | Killed Duvessa
  3676 | D:5      | Noticed Dowan
  3677 | D:5      | Reached XP level 8. HP: 15/49 MP: 8/8
  3684 | D:5      | HP: 3/49 [Dowan/shard of ice (14)]
  3685 | D:5      | 3685 ||| READING 3 scrolls of teleportation.
  3686 | D:5      | Killed Dowan
  3922 | D:5      | Found Yssiwn's Distillery.
  3932 | D:5      | 3932 ||| BUYING 2 potions of mutation (224 gold).
  3932 | D:5      | Bought 2 potions of mutation for 224 gold pieces
  3932 | D:5      | 3932 ||| BUYING potion of curing (42 gold).
  3932 | D:5      | Bought a potion of curing for 42 gold pieces
  3932 | D:5      | 3932 ||| BUYING potion of heal wounds (70 gold).
  3932 | D:5      | Bought a potion of heal wounds for 70 gold pieces
  3955 | D:5      | Killed Prince Ribbit
  4009 | D:5      | Reached skill level 9 in Ranged Weapons
  4047 | D:5      | Found Hesoit's Armour Boutique.
  4055 | D:5      | 4055 ||| BUYING +1 helmet of intelligence (247 gold).
  4055 | D:5      | Bought a +1 helmet of intelligence for 247 gold pieces
  4094 | D:5      | Found a runed translucent door.
  4095 | D:5      | Noticed Crazy Yiuf
  4254 | D:5      | 4254 ||| UPGRADING to +1 helmet of intelligence.
  4264 | D:5      | 4264 ||| DROPPING +0 helmet.
  4265 | D:5      | 4265 ||| UPGRADING to amulet of guardian spirit.
  4270 | D:5      | 4270 ||| DRINKING 2 sedimented orange potions.
  4271 | D:5      | 4271 ||| READING scroll of identify.
  4271 | D:5      | 4271 ||| IDENTIFYING golden potion
  4272 | D:5      | 4272 ||| DROPPING potion of brilliance.
  4273 | D:5      | 4273 ||| DROPPING potion of degeneration.
  4291 | D:6      | 4291 ||| STAIRDANCE
  4354 | D:6      | 4354 ||| STAIRDANCE
  4435 | D:6      | 4435 ||| STAIRDANCE
  4497 | D:6      | 4497 ||| STAIRDANCE
  4558 | D:6      | Reached skill level 3 in Armour
  4593 | D:6      | 4593 ||| SWAPPING to +0 orcbow.
  4594 | D:6      | 4594 ||| DROPPING +0 shortbow.
  4675 | D:6      | 4675 ||| DRINKING 3 potions of curing.
  4675 | D:6      | 4675 ||| (to cure confusion)
  4677 | D:6      | 4677 ||| DRINKING 2 potions of curing.
  4677 | D:6      | 4677 ||| (to cure confusion)
  4679 | D:6      | 4679 ||| FLEEEEING.
  4680 | D:6      | 4680 ||| FLEEEEING.
  4681 | D:6      | 4681 ||| FLEEEEING.
  4682 | D:6      | 4682 ||| FLEEEEING.
  4683 | D:6      | 4683 ||| FLEEEEING.
  4685 | D:6      | 4685 ||| FLEEEEING.
  4686 | D:6      | 4686 ||| FLEEEEING.
  4690 | D:6      | 4690 ||| FLEEEEING.
  4691 | D:6      | 4691 ||| FLEEEEING.
  4836 | D:6      | Noticed Edmund
  4849 | D:6      | Killed Edmund
  4850 | D:6      | Reached skill level 6 in Fighting
  4877 | D:6      | Found the crystal ball of Wucad Mu {*channel}
  5004 | D:6      | Reached XP level 9. HP: 44/56 MP: 4/9
  5125 | D:6      | Found a shimmering blue altar of Sif Muna.
  5132 | D:6      | Found a sparkling altar of Nemelex Xobeh.
  5294 | D:6      | 5294 ||| FLEEEEING.
  5295 | D:6      | 5295 ||| FLEEEEING.
  5321 | D:6      | 5321 ||| DRINKING potion of curing.
  5321 | D:6      | 5321 ||| (to cure confusion)
  5466 | D:6      | Reached skill level 10 in Ranged Weapons
  5675 | D:6      | 5675 ||| READING scroll labelled SISUJUGGIEZU.
  5690 | D:7      | Found a staircase to the Ecumenical Temple.
  5691 | D:7      | 5691 ||| PLANNING TEMPLE
  5699 | Temple   | Entered the Ecumenical Temple
  5700 | Temple   | 5700 ||| PLANNING D:1-11
  5704 | D:7      | Found a flagged portal.
  5862 | D:7      | 5862 ||| SWAPPING to +0 arbalest.
  5863 | D:7      | 5863 ||| DROPPING +0 orcbow.
  5893 | D:7      | Reached skill level 11 in Ranged Weapons
  5897 | D:7      | Reached skill level 3 in Dodging
  5903 | D:7      | HP: 11/57 [ice beast (11)]
  5904 | D:7      | 5904 ||| READING 2 scrolls of teleportation.
  5905 | D:7      | 5905 ||| DRINKING 2 potions of heal wounds.
  6070 | D:7      | Noticed Menkaure
  6074 | D:7      | Killed Menkaure
  6294 | D:7      | Reached XP level 10. HP: 64/64 MP: 10/10
  6331 | D:7      | Found an iron altar of Okawaru.
  6332 | D:7      | 6332 ||| PLANNING OKAWARU WORSHIP
  6332 | D:7      | 6332 ||| DRINKING 2 pink potions.
  6358 | D:7      | 6358 ||| READING scroll of identify.
  6358 | D:7      | 6358 ||| IDENTIFYING metallic clear potion
  6359 | D:7      | 6359 ||| DROPPING potion of lignification.
  6366 | D:7      | Became a worshipper of Warmaster Okawaru
  6367 | D:7      | 6367 ||| PLANNING D:1-11
  6367 | D:7      | 6367 ||| REMOVING amulet of guardian spirit.
  6539 | D:7      | Noticed Joseph
  6554 | D:7      | Killed Joseph
  6774 | D:7      | Reached skill level 12 in Ranged Weapons
  6938 | D:7      | You fall into a shaft and drop 2 floors!
  7160 | D:9      | 7160 ||| DROPPING amulet of guardian spirit.
  7296 | D:8      | Reached * piety under Okawaru
  7551 | D:7      | 7551 ||| READING scroll labelled MISTAQ GUOCROILYE.
  7561 | D:8      | Reached skill level 1 in Invocations
  7686 | D:8      | 7686 ||| Stepping ~*~*~tactically~*~*~ (retreating).
  7871 | D:8      | 7871 ||| Stepping ~*~*~tactically~*~*~ (cloud).
  8139 | D:8      | 8139 ||| INVOKING Heroism.
  8183 | D:8      | 8183 ||| READING scroll labelled BORERO XUICS.
  8249 | D:9      | Reached skill level 3 in Invocations
  8292 | D:9      | 8292 ||| Stepping ~*~*~tactically~*~*~ (cloud).
  8295 | D:9      | 8295 ||| Stepping ~*~*~tactically~*~*~ (cloud).
  8305 | D:9      | HP: 12/64 [steam dragon/ball of steam (18)]
  8306 | D:9      | 8306 ||| READING scroll of teleportation.
  8307 | D:9      | 8307 ||| DRINKING 2 potions of heal wounds.
  8451 | D:9      | Reached skill level 13 in Ranged Weapons
  8592 | D:9      | 8592 ||| Stepping ~*~*~tactically~*~*~ (cloud).
  8720 | D:9      | 8720 ||| READING scroll of enchant armour.
  8720 | D:9      | 8720 ||| ENCHANTING +1 helmet of intelligence.
  8775 | D:9      | 8775 ||| FLEEEEING.
  8776 | D:9      | 8776 ||| FLEEEEING.
  8778 | D:9      | 8778 ||| STAIRDANCE
  8820 | D:8      | 8820 ||| UPGRADING to +0 steam dragon scales.
  8830 | D:8      | 8830 ||| DROPPING +0 ring mail.
  8831 | D:8      | 8831 ||| DRINKING 2 puce potions.
  8848 | D:9      | Reached ** piety under Okawaru
  8849 | D:9      | 8849 ||| FLEEEEING.
  8850 | D:9      | 8850 ||| FLEEEEING.
  8851 | D:9      | 8851 ||| FLEEEEING.
  8852 | D:9      | 8852 ||| STAIRDANCE
  8910 | D:9      | 8910 ||| STAIRDANCE
  9135 | D:10     | Entered Level 10 of the Dungeon
  9298 | D:10     | 9298 ||| PLANNING D:1-11
  9310 | D:10     | 9310 ||| READING scroll of enchant armour.
  9310 | D:10     | 9310 ||| ENCHANTING +0 steam dragon scales.
  9378 | D:10     | HP: 13/65 [troll (6)]
  9379 | D:10     | 9379 ||| DRINKING potion of heal wounds.
  9380 | D:10     | Reached *** piety under Okawaru
  9381 | D:10     | Reached skill level 9 in Fighting
  9381 | D:10     | Reached XP level 11. HP: 36/71 MP: 14/14
  9740 | D:10     | Found an opulent altar of Gozag.
  9748 | D:10     | Found a snail-covered altar of Cheibriados.
 10213 | D:10     | 10213 ||| READING 5 scrolls of identify.
 10213 | D:10     | 10213 ||| IDENTIFYING bubbling red potion
 10214 | D:10     | 10214 ||| DROPPING potion of invisibility.
 10277 | D:11     | Noticed a cyclops
 10278 | D:11     | 10278 ||| INVOKING Heroism.
 10279 | D:11     | 10279 ||| STAIRDANCE
 10294 | D:11     | 10294 ||| INVOKING Heroism.
 10295 | D:11     | 10295 ||| STAIRDANCE
 10311 | D:11     | 10311 ||| STAIRDANCE
 10333 | D:10     | 10333 ||| UPGRADING to +0 troll leather armour.
 10343 | D:10     | 10343 ||| DROPPING +1 steam dragon scales.
 10347 | D:11     | 10347 ||| INVOKING Heroism.
 10348 | D:11     | 10348 ||| STAIRDANCE
 10365 | D:11     | Killed a cyclops
 10507 | D:11     | Found a staircase to the Lair.
 10509 | D:11     | 10509 ||| READING scroll of enchant weapon.
 10509 | D:11     | 10509 ||| ENCHANTING +1 arbalest.
 10546 | D:11     | Reached skill level 14 in Ranged Weapons
 10583 | D:11     | Noticed a cyclops
 10584 | D:11     | 10584 ||| INVOKING Heroism.
 10593 | D:11     | Killed a cyclops
 10598 | D:11     | Reached **** piety under Okawaru
 10608 | D:11     | Noticed a cyclops
 10609 | D:11     | 10609 ||| INVOKING Heroism.
 10610 | D:11     | Noticed a cyclops
 10614 | D:11     | Killed a cyclops
 10616 | D:11     | Noticed a cyclops
 10617 | D:11     | Killed a cyclops
 10620 | D:11     | Killed a cyclops
 10625 | D:11     | Noticed a cyclops
 10627 | D:11     | Noticed a cyclops
 10630 | D:11     | Killed a cyclops
 10632 | D:11     | 10632 ||| FLEEEEING.
 10633 | D:11     | 10633 ||| FLEEEEING.
 10634 | D:11     | 10634 ||| FLEEEEING.
 10640 | D:11     | 10640 ||| INVOKING Heroism.
 10644 | D:11     | Killed a cyclops
 10728 | D:11     | Noticed Maurice
 10729 | D:11     | 10729 ||| Stepping ~*~*~tactically~*~*~ (retreating).
 10732 | D:11     | 10732 ||| Stepping ~*~*~tactically~*~*~ (retreating).
 10733 | D:11     | 10733 ||| Stepping ~*~*~tactically~*~*~ (retreating).
 10738 | D:11     | Something stole 758 gold
 10739 | D:11     | 10739 ||| DRINKING 4 potions of curing.
 10739 | D:11     | 10739 ||| (to cure confusion)
 10739 | D:11     | Something stole 150 gold
 10740 | D:11     | Something stole 51 gold
 10749 | D:11     | Reached skill level 6 in Invocations
 10749 | D:11     | Noticed an ettin
 10750 | D:11     | 10750 ||| RETREEAATING.
 10751 | D:11     | 10751 ||| INVOKING Heroism.
 10755 | D:11     | HP: 7/72 [ettin/+0 dire flail (34)]
 10758 | D:11     | HP: 2/72 [ettin/+0 dire flail (8)]
 10758 | D:11     | Mangled by an ettin

Levels and vault maps discovered:
D:1:      spicycebolla_arrival_risky_transporter, layout_basic
D:2:      layout_rooms, serial_shops, nicolae_square_shop,
          hellmonk_ecumenical_altar_blasted
D:3:      layout_basic, serial_shops, shop, saegor_snake_ambush, uniq_jessica,
          uniq_robin
D:4:      layout_basic, portal_sewer_entry_c, serial_shops, shop
D:5:      layout_basic, serial_shops, shop_fountains, shop, uniq_prince_ribbit1,
          uniq_crazy_yiuf_cottage, uniq_duvessa
D:6:      cheibrodos_quashed, layout_basic, mainiacjoe_overflow_large_starburst,
          minmay_misc_feat_chi, uniq_edmund
D:7:      corexii_shack_village, layout_basic, mainiacjoe_overflow_alcove_1,
          minmay_temple_entry_glassed_door, enter_bailey_5,
          minmay_joined_circles, uniq_menkaure, uniq_joseph
D:8:      layout_loops_ring
D:9:      kennysheep_big_flooded_room, layout_cave_pools,
          hangedman_decor_slide_cut, minmay_misc_feat_iff,
          nicolae_concentric_dashed_squares_mild
D:10:     layout_cave_pods, mainiacjoe_overflow_catwalk_spiral, serial_bayou,
          serial_bayou_lagoon_a, serial_bayou_pond_c, serial_bayou_pond_d,
          serial_bayou_pond_c
D:11:     giant_chief_lemuel, layout_irregular_city, hellmonk_lair_entry_icy,
          uniq_maurice
Temple:   bh_familiar_temple

Skill      XL: |  1  2  3  4  5  6  7  8  9 10 11 |
---------------+----------------------------------+-----
Ranged Weapons | 5 6 8 9 11 13 14 | 14.4
Armour         | 1 2 3 4 |  4.0
Fighting       | 3 4 5 6 8 9 10 | 10.0
Dodging        | 2 3 4 |  4.0
Invocations    | 4 6 |  6.1
Stealth        | |  1.1

Action                     |  1- 3 |  4- 6 |  7- 9 | 10-12 || total
---------------------------+-------+-------+-------+-------++-------
   Fire: Shortbow          |    85 |   176 |   265 |       ||   526
         Orcbow            |       |       |   178 |       ||   178
         Arbalest          |       |       |    75 |   414 ||   489
 Invoke: Heroism           |       |       |       |     8 ||     8
    Use: Scroll            |     4 |     9 |     5 |     8 ||    26
         Potion            |     2 |     1 |     6 |     5 ||    14
 Armour: Leather armour    |     8 |       |       |       ||     8
         Ring mail         |    16 |   109 |   282 |   143 ||   550
         Steam dragon scal |       |       |       |    66 ||    66
         Troll leather arm |       |       |       |    98 ||    98
  Dodge: Dodged            |    16 |    54 |   167 |   213 ||   450

Table legend:
 A = Non-vault XP
 B = Vault XP
 C = Vault XP percentage of total XP
 D = Non-vault monster count
 E = Vault monster count
 F = Vault count percentage of total count
                 A         B        C        D         E       F
            +---------+---------+-------+---------+---------+-------
      Total |    8427 |    8463 |  50.1 |     189 |      69 |  26.7
            +---------+---------+-------+---------+---------+-------
        D:1 |      27 |       0 |   0.0 |      17 |       0 |   0.0
        D:2 |      34 |       0 |   0.0 |      13 |       0 |   0.0
        D:3 |     118 |      92 |  43.8 |      14 |      11 |  44.0
        D:4 |     510 |       9 |   1.7 |      29 |       7 |  19.4
        D:5 |     530 |     480 |  47.5 |      12 |       3 |  20.0
        D:6 |     703 |     157 |  18.3 |      22 |       1 |   4.3
        D:7 |    1032 |    1963 |  65.5 |      18 |      29 |  61.7
        D:8 |    1067 |       0 |   0.0 |      24 |       0 |   0.0
        D:9 |    1351 |     557 |  29.2 |      18 |       2 |  10.0
       D:10 |    1337 |       0 |   0.0 |      13 |       0 |   0.0
       D:11 |    1718 |    5205 |  75.2 |       9 |      16 |  64.0
            +---------+---------+-------+---------+---------+-------
